 Dungeon Crawl Stone Soup version 0.31.0-12-g77e489cdc1 (webtiles) character file.

Game seed: 4749413523439169714

48 DildoBatman the Conjurer (level 4, -2/32 HPs)
             Began as a Formicid Conjurer on Feb 12, 2024.
             Slain by an orc
             ... wielding a +0 club
              (5 damage)
             ... on level 3 of the Dungeon.
             The game lasted 00:03:42 (1497 turns).

DildoBatman the Conjurer (Formicid Conjurer)        Turns: 1497, Time: 00:03:43

Health: -2/32      AC:  7    Str: 12    XL:     4   Next: 0%
Magic:  7/7        EV: 11    Int: 19    God:
Gold:   139        SH:  0    Dex: 12    Spells: 5/8 levels left

rFire   . . .        k - +0 sling
rCold   . . .        (no shield)
rNeg    . . .        n - +3 leather armour
rPois   .            (helmet unavailable)
rElec   .            (no cloak)
rCorr   .            i - +0 pair of gloves
SInv    +            (no boots)
Will    .....        (no amulet)
Stlth   ++           (no ring)
HPRegen 0.25/turn    (no ring)
MPRegen 0.10/turn

%: no passive effects
@: no status effects
A: permanent stasis, dig shafts and tunnels, antennae 3, four strong arms
a: Dig, Shaft Self


You were on level 3 of the Dungeon.
You visited 1 branch of the dungeon, and saw 3 of its levels.

You collected 139 gold pieces.

Inventory:

Hand Weapons
 d - a +0 trident of flaming
 k - a +0 sling (weapon)
 l - a +2 dagger of holy wrath
Missiles
 c - 22 stones
Armour
 i - a +0 pair of gloves (worn)
 n - a +3 leather armour (worn)
Magical Staves
 m - a staff of death
Scrolls
 a - a scroll of brand weapon {unknown}
 e - 4 scrolls of identify {unknown}
 o - a scroll of enchant weapon {unknown}
Potions
 b - a potion of magic
 f - 2 potions of curing {unknown}
 g - 3 potions of resistance {unknown}
 h - a potion of ambrosia {unknown}
 j - a potion of cancellation {unknown}


   Skills:
 + Level 1.1 Fighting
 + Level 1.2 Armour
 + Level 2.2 Dodging
 + Level 2.9 Stealth
 + Level 2.6 Spellcasting
 + Level 3.8 Conjurations


You had 5 spell levels left.
You knew the following spells:

 Your Spells              Type           Power      Damage    Failure   Level
a - Searing Ray           Conj           34%        2d5       6%          2
c - Magic Dart            Conj           68%        1d6       4%          1

Your spell library contained the following spells:

 Spells                   Type           Power      Damage    Failure   Level
 Sublimation of Blood     Necr           2%         N/A       30%         2
 Fulminant Prism          Conj/Alch      4%         3d5       67%         4
 Iskenderun's Mystic Bla  Conj/Tloc      9%         2d4       67%         4
 Olgreb's Toxic Radiance  Alch           2%         N/A       90%         4
 Petrify                  Alch/Erth      2%         N/A       90%         4
 Irradiate                Conj/Alch      4%         3d13      95%         5
 Ozocubu's Refrigeration  Ice            1%         4d7       100%        7
 Discord                  Hex            1%         N/A       100%        8


Dungeon Overview and Level Annotations

Branches:
Dungeon (3/15)

Altars:


Innate Abilities, Weirdness & Mutations

You cannot be hasted, slowed, berserked, paralysed or teleported.
You can dig through walls and to a lower floor.
You have a pair of large antennae on your head. (SInv)
Your four strong arms can wield two-handed weapons with a shield.


Message History

t - Shout!
Orders for allies: a - Attack new target. r - Retreat! s - Stop attacking. g - Guard the area. f - Follow me.
Anything else - Cancel.
You shout for attention!
The kobold hits you but does no damage. The orc closely misses you.
The giant cockroach closely misses you. What are your orders? t - Shout!
Orders for allies: a - Attack new target. r - Retreat! s - Stop attacking. g - Guard the area. f - Follow me.
Anything else - Cancel.
You shout for attention!
The kobold hits you but does no damage. The giant cockroach closely misses you.
The orc barely misses you. What are your orders? t - Shout!
Orders for allies: a - Attack new target. r - Retreat! s - Stop attacking. g - Guard the area. f - Follow me.
Anything else - Cancel.
You shout for attention!
The giant cockroach barely misses you. The orc hits you but does no damage.
The kobold hits you but does no damage. What are your orders? t - Shout!
Orders for allies: a - Attack new target. r - Retreat! s - Stop attacking. g - Guard the area. f - Follow me.
Anything else - Cancel.
You shout for attention!
The giant cockroach closely misses you. The kobold closely misses you.
The orc hits you with a +0 club.
You die...

###.# #...# ... ##...#
#... ###...## #....
###.....#########..)..
#......[.............
###........######ow..
†.#.<.)........#Bo#
#..........###..@K#
...........#....#..#
...........#.#####$...,
#....#..###.. ####..
###..##..##.##
##.....#.##.#
#....#.#... .....#.#...
.....# .


You could see a ribbon worm, an orc wizard (invisible), an orc, a giant
cockroach and a kobold.

Vanquished Creatures
  An adder (D:2)
  A dart slug (D:1)
  2 ball pythons (D:1)
  3 bats (D:1)
  4 endoplasms
  2 giant cockroaches
  6 goblins
  2 hobgoblins
  3 kobolds
  3 quokkas (D:2)
  A frilled lizard (D:1)
  4 rats
32 creatures vanquished.

Vanquished Creatures (others)
  An endoplasm (D:2)
1 creature vanquished.

Grand Total: 33 creatures vanquished

Notes
Turn   | Place    | Note
-------+----------+-------------------------------------------
     0 | D:1      | DildoBatman the Formicid Conjurer began the quest for the
                  | Orb.
     0 | D:1      | Reached XP level 1. HP: 13/13 MP: 3/3
   147 | D:1      | Reached XP level 2. HP: 20/20 MP: 5/5
   150 | D:1      | Learned a level 2 spell: Searing Ray
   780 | D:2      | Reached XP level 3. HP: 22/25 MP: 6/6
   822 | D:2      | Reached skill level 1 in Armour
  1007 | D:2      | Reached skill level 1 in Fighting
  1416 | D:3      | Reached XP level 4. HP: 32/32 MP: 7/7
  1497 | D:3      | Slain by an orc

Illustrated notes

Levels and vault maps discovered:
D:1:      dpeg_arrival_signposts, layout_basic, st_stairs_3,
          minmay_misc_feat_doors
D:2:      layout_rooms, chequers_serial_rivers_large_a
D:3:      layout_rooms, elyvilon_altar_1, serial_bayou_pond_a

Skill      XL: |  1  2  3 |
---------------+----------+-----
Dodging        | 2 |  2.2
Armour         | 1 |  1.2
Fighting       | 1 |  1.1
Stealth        | |  2.9
Spellcasting   | |  2.6
Conjurations   | |  3.8

Action                     |  1- 3 |  4- 6 || total
---------------------------+-------+-------++-------
  Melee: Trident           |    38 |       ||    38
   Fire: Sling             |    25 |       ||    25
   Cast: Magic Dart        |    18 |       ||    18
         Searing Ray       |     2 |       ||     2
   Stab: Sleeping          |     3 |       ||     3
 Armour: Robe              |    15 |       ||    15
         Leather armour    |       |    32 ||    32
  Dodge: Dodged            |    26 |    32 ||    58
